 Dungeon Crawl Stone Soup version 0.23-a0-171-g5ae17c6e89 (console) character file.

518 Heliocid the Chopper (level 7, -2/90 HPs)
             Began as a Grey Draconian Berserker on Sept 13, 2018.
             Was an Elder of Trog.
             Slain by a gnoll shaman
             ... wielding a +0 club
              (3 damage)
             ... on level 5 of the Dungeon.
             The game lasted 00:21:36 (4304 turns).

Heliocid the Chopper (Grey Draconian Berserker)     Turns: 4304, Time: 00:21:43

Health: -2/90      AC: 11    Str: 25    XL:     7   Next: 1%
Magic:  7/7        EV: 13    Int:  8    God:    Trog [****..]
Gold:   194        SH:  0    Dex: 11    Spells: 6/6 levels left

rFire    . . .     SeeInvis .   o - +0 short sword (freeze)
rCold    . . .     Gourm    .   (no shield)
rNeg     . . .     Faith    .   (armour unavailable)
rPois    .         Spirit   .   (helmet restricted)
rElec    .         Reflect  .   (no cloak)
rCorr    .         Harm     .   (no gloves)
MR       .....                  (no boots)
Stlth    ..........             (no amulet)
HPRegen  0.25/turn              s - ring of stealth
MPRegen  0.10/turn              (no ring)

@: berserking (expiring), lethally poisoned (-2 -> -23), very quick
A: walk through water, unfitting armour, unbreathing, cold-blooded, AC +11
a: Berserk, Trog's Hand, Brothers in Arms, Renounce Religion


You were on level 5 of the Dungeon.
You worshipped Trog.
Trog was greatly pleased with you.
You were hungry.

You visited 1 branch of the dungeon, and saw 5 of its levels.

You collected 194 gold pieces.

Inventory:

Hand Weapons
 a - a +0 hand axe
 o - a +0 short sword of freezing (weapon)
Missiles
 h - 95 stones (quivered)
 k - 106 bolts
 q - 14 arrows
 t - 5 poisoned tomahawks
Jewellery
 s - a ring of stealth (left hand)
Wands
 m - a wand of flame (30)
Scrolls
 c - 2 scrolls of random uselessness {unknown}
 d - 2 scrolls of identify {unknown}
 e - 2 scrolls of amnesia {unknown}
 g - 5 scrolls of teleportation {unknown}
 i - a scroll of immolation {unknown}
 l - a scroll of magic mapping {unknown}
 n - a scroll of noise {unknown}
 p - a scroll of enchant armour {unknown}
 x - 2 scrolls of remove curse {unknown}
Potions
 f - 2 potions of heal wounds
 j - a potion of degeneration {unknown}
 u - 3 potions of curing {unknown}
 v - a potion of flight {unknown}
 w - a potion of haste {unknown}
 z - a potion of cancellation {unknown}
Comestibles
 b - 11 rations
 r - 9 chunks of flesh


   Skills:
 + Level 4.7 Fighting
 + Level 2.6 Short Blades
 + Level 5.0 Axes
 + Level 4.2 Dodging
 + Level 2.0 Stealth


You had 6 spell levels left.
You didn't know any spells.
Your spell library contained the following spells:

 Spells                   Type           Power        Failure   Level  Hunger
 Magic Dart               Conj           #...         41%         1    ##.....
 Blink                    Tloc           N/A          54%         2    ###....
 Call Imp                 Summ           #.......     54%         2    ###....
 Slow                     Hex            #.......     54%         2    ###....
 Conjure Flame            Conj/Fire      #.......     78%         3    ####...
 Mephitic Cloud           Conj/Pois/Air  #.......     78%         3    ####...


Dungeon Overview and Level Annotations

Branches:
Dungeon (5/15)             Temple (0/1) D:5

Altars:
Cheibriados
Hepliaklqana
Kikubaaqudgha
Ru
Wu Jian


Innate Abilities, Weirdness & Mutations

You can walk through water.
Your dull iron-grey scales are very hard. (AC +11)
You cannot fit into any form of body armour.
You can survive without breathing.
You are cold-blooded and may be slowed by cold attacks.


Message History

You feel sick. The gnoll hits you with a flail!
* * * LOW HITPOINT WARNING * * *
The gnoll hits you with a whip.
* * * LOW HITPOINT WARNING * * *
The gnoll hits you from afar with a spear!
* * * LOW HITPOINT WARNING * * *
The gnoll misses you.
You are too berserk!
You puncture the gnoll! You freeze the gnoll.
You kill the gnoll!
Trog accepts your kill.
You have reached level 7!
Your scales start taking on a dull iron-grey colour.
You learn Air Magic much slower.
You learn Earth Magic much quicker.
You can walk through water.
You feel breathless.
* * * LOW HITPOINT WARNING * * *
You feel sick. The gnoll misses you. The gnoll sergeant misses you.
The gnoll shaman hits you with a club.
You die...

#ggg#............................
#...#############''''############
###'# #....# ≈.#.. #....# ≈.#
#....# ≈.# '#######....# ≈.#
...g.gg#....# ≈.# .....ggg)..(+
≈.# ...g.gg@....+ ≈.#
......g#8..8# ≈.# #############
###+#
#...#+###########################
#.g.#............................
#####≈≈≈≈≈≈≈≈≈≈≈≈≈≈≈≈≈≈≈≈≈≈≈≈≈≈≈≈
≈≈≈≈≈≈≈≈≈≈≈≈≈≈≈≈≈≈≈≈≈≈≈≈≈≈≈≈≈≈≈≈≈
≈≈≈≈≈≈≈≈≈≈≈≈≈≈≈≈≈≈≈≈≈≈≈≈≈≈≈≈≈÷≈≈≈


You could see a gnoll sergeant, 2 gnoll shamans and 7 gnolls.

Vanquished Creatures
  A scorpion (D:4)
  A vampire bat (D:4)
  A hound (D:3)
  A jelly (D:5)
  A centaur skeleton (D:5)
  2 orc wizards (D:3)
  A worker ant (D:2)
  Robin (D:3)
  7 gnolls
  4 adders
  An ooze (D:1)
  5 worms
  6 dart slugs
  A leopard gecko (D:1)
  4 orcs (D:3)
  4 bat skeletons (D:4)
  3 bat zombies (D:4)
  7 giant cockroaches
  14 hobgoblins
  14 jackals (D:5)
  10 kobolds
  2 quokkas
  6 bats
  A frilled lizard (D:1)
  12 goblins
  A quokka skeleton (D:5)
  8 rats
  A plant (D:5)
120 creatures vanquished.

Notes
Turn   | Place    | Note
-------+----------+-------------------------------------------
     0 | D:1      | Heliocid the Draconian Berserker began the quest for the
                  | Orb.
     0 | D:1      | Reached XP level 1. HP: 19/19 MP: 1/1
    11 | D:1      | Reached XP level 2. HP: 26/26 MP: 2/2
   264 | D:1      | Reached XP level 3. HP: 23/33 MP: 3/3
   533 | D:1      | Reached ** piety under Trog
   967 | D:2      | Reached skill level 4 in Axes
  1023 | D:2      | Reached XP level 4. HP: 17/40 MP: 4/4
  1586 | D:2      | Reached XP level 5. HP: 44/46 MP: 5/5
  2161 | D:3      | Reached *** piety under Trog
  2187 | D:3      | Reached skill level 1 in Stealth
  2191 | D:3      | Found a hazy altar of Hepliaklqana.
  2191 | D:3      | Found an ornate altar of the Wu Jian Council.
  2195 | D:3      | Found a sacrificial altar of Ru.
  2316 | D:3      | Noticed Robin
  2324 | D:3      | Killed Robin
  2324 | D:3      | Reached skill level 5 in Axes
  2393 | D:3      | Reached skill level 1 in Short Blades
  2407 | D:3      | Found a snail-covered altar of Cheibriados.
  2641 | D:3      | Reached XP level 6. HP: 33/53 MP: 6/6
  3661 | D:4      | Found an ancient bone altar of Kikubaaqudgha.
  3830 | D:5      | Entered Level 5 of the Dungeon
  3855 | D:5      | Found a staircase to the Ecumenical Temple.
  4270 | D:5      | Reached **** piety under Trog
  4303 | D:5      | HP: 2/79 [gnoll/spear (7)]
  4304 | D:5      | Your scales start taking on a dull iron-grey colour.
  4304 | D:5      | Reached XP level 7. HP: 2/60 MP: 7/7
  4304 | D:5      | Gained mutation: You can survive without breathing. [Grey
                  | Draconian growth]
  4304 | D:5      | Slain by a gnoll shaman

Vault maps used:
D:1:      dpeg_arrival_simpleton_c, minmay_domino_2
D:2:      kennysheep_generic_room_8
D:3:      cheibriados_altar_1, gammafunk_temple_overflow_claw, first_ration,
          uniq_robin
D:4:      kennysheep_vampire_church
D:5:      lemuel_castle_with_subvaults, nicolae_overflow_hidden_temple,
          minmay_temple_entry_mist, chei_slow_surprise

Skill      XL: |  1  2  3  4  5  6 |
---------------+-------------------+-----
Dodging        | 3 4 |  4.2
Axes           | 4 5 |  5.0
Fighting       | 4 |  4.7
Stealth        | 1 2 |  2.0
Short Blades   | 1 2 |  2.6

Action                   |  1- 3 |  4- 6 |  7- 9 || total
-------------------------+-------+-------+-------++-------
Melee: Hand axe          |   108 |    56 |       ||   164
       Tailslap          |    11 |    35 |       ||    46
       Short sword       |       |   238 |       ||   238
Invok: Berserk           |     4 |     8 |       ||    12
 Stab: Sleeping          |       |     4 |       ||     4
  Eat: Chunk             |     4 |    17 |       ||    21
Armor: Skin              |    36 |   117 |       ||   153
Dodge: Dodged            |    85 |   253 |     2 ||   340

Table legend:
 A = Non-vault XP
 B = Vault XP
 C = Vault XP percentage of total XP
 D = Non-vault monster count
 E = Vault monster count
 F = Vault count percentage of total count
                 A         B        C        D         E       F
            +---------+---------+-------+---------+---------+-------
      Total |     540 |     200 |  27.0 |      82 |      37 |  31.1
            +---------+---------+-------+---------+---------+-------
        D:1 |      56 |       3 |   5.1 |      25 |       2 |   7.4
        D:2 |     154 |      15 |   8.9 |      33 |       2 |   5.7
        D:3 |     173 |      28 |  13.9 |      18 |       7 |  28.0
        D:4 |      76 |      69 |  47.6 |       3 |       8 |  72.7
        D:5 |      81 |      85 |  51.2 |       3 |      18 |  85.7
            +---------+---------+-------+---------+---------+-------
